 Dungeon Crawl Stone Soup version 0.18.1-48-g4cf74bf (console) character file.

6329 Kloppie the Basher (level 10, -14/66 HPs)
             Began as a Gargoyle Berserker on June 27, 2016.
             Was an Elder of Trog.
             Killed by divine providence
             ... invoked by an orc priest
             ... led by an orc knight
              (15 damage)
             ... on level 12 of the Dungeon.
             The game lasted 00:18:36 (9858 turns).

Kloppie the Basher (Gargoyle Berserker)             Turns: 9858, Time: 00:18:36

Health: -14/66     AC: 26    Str: 23 (24) XL:     10   Next: 95%
Magic:  10/10      EV:  8    Int:  8      God:    Trog [****..]
Gold:   257        SH:  4    Dex:  7 (8)  Spells: 0 memorised, 9 levels left

rFire  . . .     SeeInvis .     d - +0 flail (protect)
rCold  . . .     Gourm    .     t - +0 chain mail
rNeg   + . .     Faith    .     i - +0 buckler
rPois  ∞         Spirit   .     q - +1 helmet
rElec  +         Dismiss  .     y - +0 cloak
rCorr  .         Reflect  .     (no gloves)
SustAt .         Harm     .     (no boots)
MR     .....                    (no amulet)
Stlth  ..........               O - +3 ring of strength
                                k - ring of stealth

@: exhausted, slowed, very slow, not resistant to hostile enchantments,
extremely unstealthy
A: blurry vision 2, clumsy 2, deterioration 1, negative energy resistance 1,
electricity resistance, unbreathing, petrification resistance, rot immunity, AC
+7
a: Berserk, Trog's Hand, Brothers in Arms, Burn Spellbooks, Renounce Religion


You were on level 12 of the Dungeon.
You worshipped Trog.
Trog was greatly pleased with you.
You were very hungry.

You visited 1 branch of the dungeon, and saw 11 of its levels.

You collected 473 gold pieces.
You spent 216 gold pieces at shops.

Inventory:

Hand Weapons
 d - a +0 flail of protection (weapon)
 N - the +10 mace of Causality {pain, rF+ rC- MR+ MP+9 Dex+4}
   (You bought it in a shop on level 8 of the Dungeon)

   In the hands of one skilled in necromantic magic, it inflicts extra damage on
   living creatures.
   It affects your dexterity (+4).
   It protects you from fire.
   It makes you vulnerable to cold.
   It affects your resistance to hostile enchantments.
   It affects your magic capacity (+9).
Armour
 i - a +0 buckler (worn)
 p - a +0 scale mail
 q - a +1 helmet (worn)
 t - a +0 chain mail (worn)
 y - a +0 cloak (worn)
Jewellery
 k - a ring of stealth (left hand)
 K - a +5 ring of intelligence
 O - a +3 ring of strength (right hand)
Wands
 g - a wand of random effects (48/48)
 A - a wand of digging (9/24)
 E - a wand of paralysis (6/24)
Scrolls
 a - a scroll of enchant armour
 f - a scroll of enchant weapon
 j - 2 scrolls of teleportation
 n - a scroll of fear
 r - a scroll of fog
 v - a scroll of remove curse
 B - 3 scrolls of magic mapping
Potions
 e - 2 potions of curing
 m - 2 potions of resistance
 o - a potion of might
 s - a potion of ambrosia
 w - 3 potions of heal wounds
 x - a potion of haste
 z - 3 potions of berserk rage
 C - 3 potions of flight {unknown}
 D - a potion of lignification {unknown}
 L - 2 potions of agility {unknown}
Books
 u - a book of Ice

   Spells                             Type                      Level
   a - Ice Form                       Ice/Transmutation            4
   b - Metabolic Englaciation         Hexes/Ice                    5
   c - Ozocubu's Refrigeration        Ice                          6
   d - Bolt of Cold                   Conjuration/Ice              6
   e - Freezing Cloud                 Conjuration/Ice/Air          6
   f - Simulacrum                     Ice/Necromancy               6
   Trog disapproves of the use of such an item.
Comestibles
 b - 11 chunks of flesh
 c - 5 bread rations
 h - 8 meat rations
 l - 2 beef jerkies
 G - 8 slices of pizza
 J - 8 fruits


   Skills:
 - Level 9.5 Fighting
 + Level 11.1 Maces & Flails
 + Level 7.9 Armour
 - Level 1.5 Dodging
 - Level 6.0 Shields


You had 9 spell levels left.
You didn't know any spells.

Dungeon Overview and Level Annotations

Branches:
Dungeon (10/15)            Temple (0/1) D:4             Orc (0/2) D:9
   Lair: D:8-11

Altars:
Cheibriados
Elyvilon
Gozag
Kikubaaqudgha
Nemelex Xobeh
Okawaru
Pakellas
Qazlal
Ru
Trog
Vehumet
Yredelemnul
Zin
The Shining One

Shops:
D:8 (


Innate Abilities, Weirdness & Mutations

You are resistant to torment.
Your stone body is resilient (AC +7).
You are immune to poison.
You resist negative energy.
You are resistant to electric shocks.
You can survive without breathing.
You are immune to petrification.
You are immune to rotting.
Scrolls take you longer to read.
You are very clumsy. (Dex -4)
Your body sometimes deteriorates upon taking damage.


Message History

Beogh smites you!
* * * LOW HITPOINT WARNING * * *
Your body deteriorates!
You feel weakened.
You barely miss the warg.
The warg is heavily wounded.
The warg bites you but does no damage. x2
You thump the warg!
The warg is severely wounded.
The warg bites you but does no damage.
Some of the chunks of flesh in your inventory have rotted away.
You closely miss the warg.
The warg is severely wounded.
The warg bites you but does no damage.
The orc priest calls down the wrath of Beogh upon you.
Beogh smites you!
* * * LOW HITPOINT WARNING * * *
The warg bites you but does no damage.
The orc priest mumbles some strange prayers to Beogh against you.
Beogh smites you!
You die...

.......
.......
.o... .o.
###'# #...#
#o### #h#
###@########
#..(.......#
#....(.....#
#..........#
+..........#
#..........#
######'#####
#.# #.#


You could see a warg and an orc priest.

Vanquished Creatures
  A hill giant (D:12)
  Pikel (D:5)
  An orc knight (D:12)
  A komodo dragon (D:12)
  2 trolls (D:12)
  2 hippogriffs
  A hog (D:7)
  A human (D:7)
  Duvessa (D:6)
  An ice beast (D:9)
  The ghost of Gargoyl the Skirmisher, an amateur DsAK of Lugonu (D:3)
  5 orc warriors
  2 sky beasts
  An ogre (D:8)
  6 centaurs
  3 giant frogs
  Dowan (D:6)
  A scorpion (D:8)
  6 killer bees (D:8)
  3 wights (D:6)
  A giant frog zombie (D:8)
  A centaur zombie (D:8)
  A crimson imp (D:5)
  2 jellies (D:6)
  9 orc priests
  8 hounds
  13 orc wizards
  A giant frog skeleton (D:5)
  4 worker ants
  3 sheep (D:7)
  2 hound skeletons
  2 worker ant zombies
  7 gnolls
  11 adders
  3 shadow imps
  2 oozes
  An adder skeleton (D:8)
  2 adder zombies
  3 worms (D:2)
  3 dart slugs
  A giant gecko (D:6)
  25 orcs
  3 ball pythons
  8 giant cockroaches
  11 goblins
  4 hobgoblins
  15 jackals
  11 kobolds
  6 quokkas
  8 bats
  A giant gecko skeleton (D:4)
  3 giant newts
  A quokka skeleton (D:7)
  13 rats
230 creatures vanquished.

Vanquished Creatures (collateral kills)
  A mottled dragon (D:12)
1 creature vanquished.

Vanquished Creatures (others)
  3 slaves (D:5)
  A howler monkey (D:5)
  A jackal (D:5)
  A jackal skeleton (D:5)
6 creatures vanquished.

Grand Total: 237 creatures vanquished

Notes
Turn   | Place    | Note
--------------------------------------------------------------
     0 | D:1      | Kloppie the Gargoyle Berserker began the quest for the Orb.
     0 | D:1      | Reached XP level 1. HP: 14/14 MP: 1/1
    79 | D:1      | Reached XP level 2. HP: 13/19 MP: 2/2
   662 | D:1      | Reached skill level 1 in Shields
   887 | D:1      | Reached ** piety under Trog
   892 | D:1      | Reached XP level 3. HP: 24/24 MP: 3/3
  1233 | D:2      | Reached XP level 4. HP: 15/29 MP: 4/4
  1808 | D:2      | Noticed a moth of wrath
  1811 | D:2      | Found a bloodstained altar of Trog.
  1829 | D:2      | Reached *** piety under Trog
  1974 | D:3      | Found an ancient bone altar of Kikubaaqudgha.
  1987 | D:3      | Reached skill level 4 in Maces & Flails
  1987 | D:3      | Reached XP level 5. HP: 14/34 MP: 5/5
  2044 | D:3      | Noticed Gargoyl's ghost (amateur DsAK)
  2060 | D:3      | Killed Gargoyl's ghost
  2060 | D:3      | Reached XP level 6. HP: 29/40 MP: 6/6
  2540 | D:3      | Reached skill level 5 in Fighting
  2722 | D:3      | Found a snail-covered altar of Cheibriados.
  2790 | D:4      | Found an iron altar of Okawaru.
  2893 | D:4      | Found an opulent altar of Gozag.
  2931 | D:4      | Found a sacrificial altar of Ru.
  3025 | D:4      | Found a stormy altar of Qazlal.
  3026 | D:4      | Found a radiant altar of Vehumet.
  3208 | D:4      | Found a staircase to the Ecumenical Temple.
  3269 | D:4      | Found a sparkling altar of Nemelex Xobeh.
  3478 | D:5      | Entered Level 5 of the Dungeon
  3486 | D:5      | Noticed a slave
  3487 | D:5      | Noticed a slave
  3487 | D:5      | Noticed Pikel
  3498 | D:5      | Noticed a slave
  3498 | D:5      | Killed Pikel
  3498 | D:5      | Reached skill level 5 in Maces & Flails
  3498 | D:5      | Reached skill level 5 in Shields
  3498 | D:5      | Reached XP level 7. HP: 46/46 MP: 7/7
  3574 | D:5      | Reached XP level 8. HP: 45/52 MP: 8/8
  3738 | D:5      | Found an oddly glowing altar of Pakellas.
  3814 | D:5      | Reached skill level 6 in Maces & Flails
  4762 | D:7      | Reached **** piety under Trog
  4801 | D:7      | Reached skill level 7 in Maces & Flails
  5088 | D:6      | Reached XP level 9. HP: 49/59 MP: 9/9
  5465 | D:6      | Noticed Dowan
  5467 | D:6      | Noticed Duvessa
  5481 | D:6      | Killed Duvessa
  5484 | D:6      | Killed Dowan
  5659 | D:7      | Reached skill level 8 in Maces & Flails
  5962 | D:7      | Found an oddly glowing altar of Pakellas.
  6254 | D:7      | Found a basalt altar of Yredelemnul.
  6914 | D:8      | Found a white marble altar of Elyvilon.
  6916 | D:8      | Found a glowing golden altar of the Shining One.
  6917 | D:8      | Found a glowing silver altar of Zin.
  6924 | D:8      | Identified Byilogg's Volume of Summoning and Flames
  7015 | D:8      | Found Seacrimu's Antique Weapon Boutique.
  7025 | D:8      | Bought a slimy mace for 216 gold pieces
  7025 | D:8      | Identified the +10 mace of Causality {pain, rF+ rC- MR+ MP+9 Dex+4} (You bought it in a shop on level 8 of the Dungeon)
  7222 | D:8      | Reached skill level 9 in Maces & Flails
  7338 | D:8      | HP: 2/61 [killer bee (6)]
  7360 | D:8      | Reached XP level 10. HP: 56/66 MP: 10/10
  7404 | D:8      | Gained mutation: Scrolls take you a little longer to read. [mutagenic meat]
  7405 | D:8      | Gained mutation: You are clumsy. (Dex -2) [mutagenic meat]
  7406 | D:8      | Gained mutation: You are very clumsy. (Dex -4) [mutagenic meat]
  7407 | D:8      | Gained mutation: Your body sometimes deteriorates upon taking damage. [mutagenic meat]
  7408 | D:8      | Gained mutation: Scrolls take you longer to read. [mutagenic meat]
  7991 | D:8      | Reached skill level 5 in Armour
  8446 | D:8      | Reached ***** piety under Trog
  8493 | D:9      | Found a staircase to the Orcish Mines.
  8627 | D:9      | Reached skill level 10 in Maces & Flails
  9065 | D:10     | Entered Level 10 of the Dungeon
  9113 | D:10     | You fall through a shaft for 2 floors!
  9117 | D:12     | Noticed a hill giant
  9135 | D:12     | Killed a hill giant
  9346 | D:12     | HP: 1/99 [komodo dragon (11)]
  9718 | D:12     | Found a glowing silver altar of Zin.
  9817 | D:12     | Noticed an orc knight
  9849 | D:12     | Killed an orc knight
  9849 | D:12     | Reached skill level 11 in Maces & Flails
  9858 | D:12     | HP: 1/66 [orc priest/divine providence[an orc knight] (14)]
  9858 | D:12     | Killed from afar by an orc priest

Skill      XL: |  1  2  3  4  5  6  7  8  9 10 |
---------------+-------------------------------+-----
Shields        | 1 2 3 5 6 |  6.0
Fighting       | 4 6 8 9 |  9.5
Maces & Flails | 4 5 7 9 11 | 11.1
Armour         | 4 7 |  7.9
Dodging        | |  1.5

Action                   |  1- 3 |  4- 6 |  7- 9 | 10-12 || total
-------------------------+-------+-------+-------+-------++-------
Melee: Mace              |   134 |    99 |       |       ||   233
       Flail             |       |   118 |   331 |   347 ||   796
       Whip              |       |       |    45 |       ||    45
Invok: Trog's Hand       |     1 |     1 |     4 |     3 ||     9
       Berserk           |       |     3 |     4 |     5 ||    12
       Brothers in Arms  |       |       |       |     1 ||     1
  Use: Scroll            |       |       |    15 |     8 ||    23
       Potion            |       |       |     3 |       ||     3
  Eat: Chunk             |     1 |     6 |     6 |    15 ||    28
       Bread ration      |       |     1 |     3 |       ||     4
       Beef jerky        |       |       |       |     2 ||     2
Armor: Animal skin       |     5 |       |       |       ||     5
       Ring mail         |    70 |    20 |       |       ||    90
       Scale mail        |       |   121 |   317 |    57 ||   495
       Chain mail        |       |       |       |   148 ||   148
Dodge: Dodged            |    86 |   103 |   265 |   147 ||   601
Block: Buckler           |    22 |    32 |   139 |    74 ||   267
